 Dungeon Crawl Stone Soup version 0.21-a0-264-g3e31e41 (console) character file.

158 removed the Conjurer (level 4, -3/33 HPs)
             Began as a Demigod Venom Mage on Sept 9, 2017.
             Slain by an adder (5 damage)
             ... on level 4 of the Dungeon.
             The game lasted 00:07:01 (3389 turns).

removed the Conjurer (Demigod Venom Mage)           Turns: 3389, Time: 00:07:01

Health: -3/33      AC:  3    Str: 11    XL:     4   Next: 94%
Magic:  6/9        EV: 12    Int: 21    God:
Gold:   122        SH:  0    Dex: 16    Spells: 5/6 levels left

rFire    . . .     SeeInvis .   i - +0 short sword
rCold    . . .     Gourm    .   (no shield)
rNeg     . . .     Faith    .   a - +0 robe
rPois    .         Spirit   .   (no helmet)
rElec    .         Reflect  .   z - +0 cloak
rCorr    +         Harm     .   (no gloves)
MR       .....                  (no boots)
Stlth    ++........             (no amulet)
HPRegen  0.11/turn              w - ring of resist corrosion
MPRegen  0.11/turn              (no ring)

@: no status effects
A: high mp 1
a: no special abilities


You were on level 4 of the Dungeon.
You were not hungry.

You visited 1 branch of the dungeon, and saw 4 of its levels.

You collected 122 gold pieces.

Inventory:

Hand Weapons
 i - a +0 short sword (weapon)
 B - a -1 dagger
Armour
 a - a +0 robe (worn)
 z - a +0 cloak (worn)
Jewellery
 w - a ring of resist corrosion (left hand)
Wands
 D - a wand of iceblast (13/15)
 E - a wand of paralysis (17/24)
Scrolls
 g - a scroll of teleportation
 m - a scroll of enchant armour {unknown}
 n - a scroll of enchant weapon {unknown}
 p - 2 scrolls of identify
 r - a scroll of blinking {unknown}
 s - a scroll of immolation {unknown}
 y - a scroll of fog {unknown}
 C - a scroll of magic mapping {unknown}
Potions
 d - a potion of might
 e - 2 potions of curing
 v - 2 potions of lignification {unknown}
Books
 b - a Young Poisoner's Handbook

   Spells                             Type                      Level
   a - Sting                          Conjuration/Poison           1
   b - Poisonous Vapours              Poison/Air                   2
   c - Mephitic Cloud                 Conjuration/Poison/Air       3
   d - Olgreb's Toxic Radiance        Poison                       4
   e - Venom Bolt                     Conjuration/Poison           5
 x - a book of Maledictions

   Spells                             Type                      Level
   a - Corona                         Hexes                        1
   b - Ensorcelled Hibernation        Hexes/Ice                    2
   c - Confuse                        Hexes                        3
   d - Tukima's Dance                 Hexes                        3
   e - Dazzling Spray                 Conjuration/Hexes            3
Comestibles
 c - 3 bread rations
 t - 2 meat rations
 F - a chunk of flesh


   Skills:
 - Level 1.7 Dodging
 - Level 1.7 Stealth
 - Level 1.7 Spellcasting
 - Level 4.0 Conjurations
 + Level 3.5 Poison Magic


You had 5 spell levels left.
You knew the following spells:

 Your Spells              Type           Power        Failure   Level  Hunger
a - Sting                 Conj/Pois      ###.         3%          1    #......


Dungeon Overview and Level Annotations

Branches:
Dungeon (4/15)
 Temple: D:4-7

Annotations:
D:4 anything's ghost, amateur OpAs


Innate Abilities, Weirdness & Mutations

You have an increased reservoir of magic. (+10% MP)


Message History

Press: ? - help, Shift-Dir - straight line, f/p - adder
Aim: an adder The sting hits the adder.
The adder is poisoned.
The adder is heavily wounded.
Casting: Sting
Confirm with . or Enter, or press ? or * to list all spells.
Aiming: Sting
Press: ? - help, Shift-Dir - straight line, f/p - adder
Aim: an adder (heavily wounded, poisoned)
The sting hits the adder.
The adder appears unharmed.
The adder is heavily wounded.
Casting: Sting
Confirm with . or Enter, or press ? or * to list all spells.
Aiming: Sting
Press: ? - help, Shift-Dir - straight line, f/p - adder
Aim: an adder (severely wounded, poisoned)
The sting hits the adder.
The adder looks even sicker.
The adder is almost dead.
The adder closely misses you. The adder bites you.
You die...

####### ####.....#
#........#
#@##'##..###
#S#...#....#
#.#.8.#....#
..S.....#...#....#
.####...##+##.####
+.........#####
#.........)...######
....................
######.#.............


You could see an adder.

Vanquished Creatures
  A bullfrog skeleton (D:4)
  4 adders
  3 worms
  2 dart slugs
  2 leopard geckos
  6 orcs
  8 bats
  3 giant cockroaches
  10 goblins
  8 hobgoblins
  4 jackals (D:2)
  6 kobolds
  2 ball pythons
  6 frilled lizards
  5 rats
70 creatures vanquished.

Notes
Turn   | Place    | Note
-------+----------+-------------------------------------------
     0 | D:1      | removed the Demigod Venom Mage began the quest for the Orb.
     0 | D:1      | Reached XP level 1. HP: 14/14 MP: 5/5
    19 | D:1      | Reached skill level 1 in Conjurations
   291 | D:1      | Reached skill level 2 in Conjurations
   291 | D:1      | Reached XP level 2. HP: 20/20 MP: 2/7
  1205 | D:2      | Reached XP level 3. HP: 24/26 MP: 0/8
  1748 | D:2      | Reached skill level 3 in Conjurations
  2050 | D:2      | Reached XP level 4. HP: 33/33 MP: 5/9
  2627 | D:3      | Reached skill level 4 in Conjurations
  3082 | D:4      | Noticed a phantom
  3317 | D:4      | Noticed anything's ghost (amateur OpAs)
  3381 | D:4      | HP: 1/33 [bullfrog skeleton (3)]
  3389 | D:4      | Slain by an adder

Vault maps used:
D:1:      dpeg_arrival_stonehenge_8_columns
D:3:      first_bread
D:4:      serial_bayou, serial_bayou_shore_b, serial_bayou_lagoon_a,
          serial_bayou_shore_b, serial_bayou_shore_a, minmay_misc_feat_room

Skill      XL: |  1  2  3  4 |
---------------+-------------+-----
Conjurations   | 2 3 4 |  4.0
Poison Magic   | 3 |  3.5
Dodging        | |  1.7
Stealth        | |  1.7
Spellcasting   | |  1.7

Action                   |  1- 3 |  4- 6 || total
-------------------------+-------+-------++-------
Melee: Short sword       |     6 |     6 ||    12
       Dagger            |       |    16 ||    16
 Cast: Sting             |   112 |    44 ||   156
  Use: Scroll            |     5 |     1 ||     6
  Eat: Chunk             |     5 |     5 ||    10
Armor: Robe              |     9 |     3 ||    12
Dodge: Dodged            |    21 |    20 ||    41

Table legend:
 A = Spawn XP
 B = Non-spawn XP
 C = Spawn XP percentage of total XP
 D = Spawn monster count
 E = Non-spawn monster count
 F = Spawn count percentage of total count
 G = Total turns spent on level
                    A         B        C        D         E        F      G
               +---------+---------+-------+---------+---------+-------+---------
         Total |       0 |     226 |   0.0 |       0 |      70 |   0.0 |  3389
               +---------+---------+-------+---------+---------+-------+---------
           D:1 |       0 |      39 |   0.0 |       0 |      22 |   0.0 |  1190
           D:2 |       0 |      83 |   0.0 |       0 |      32 |   0.0 |  1148
           D:3 |       0 |      58 |   0.0 |       0 |      14 |   0.0 |   745
           D:4 |       0 |      46 |   0.0 |       0 |       2 |   0.0 |   306
               +---------+---------+-------+---------+---------+-------+---------
